[Event "*** Titled Tuesday 3|2 Blitz (Late)"]
[Site "Chess.com"]
[Date "2016.12.06"]
[Round "8"]
[White "AlexanderL"]
[Black "HarutyunianTigranK"]
[Result "1-0"]
[WhiteElo "2595"]
[BlackElo "2615"]
[TimeControl "180+2"]
[EndTime "18:37:22 PST"]
[Termination "AlexanderL won by resignation"]

1. d4 d5 2. c4 e6 3. Nf3 Nf6 4.
g3 dxc4 5. Bg2 Nc6 6. Qa4 Bb4+ 7. Bd2 Nd5 8. Bxb4 Nxb4 9. Nc3 Bd7 10. O-O a5 11. Qd1 O-O 12. e3 a4 13. Qe2 Na5 14.
Ne5 Bc6 15. Bxc6 Nbxc6 16. Nxc4 Nxc4 17. Qxc4 Qg5 18. Rfc1 Qg4 19. Nxa4 Ra5 20. Nc5 b6 21. Nb3 Ra4 22. Qxc6 1-0

[Event "*** Titled Tuesday 3|2 Blitz (Late)"]
[Site "Chess.com"]
[Date "2016.12.06"]
[Round "8"]
[White "viditchess"]
[Black "Paralinch"]
[Result "1-0"]
[WhiteElo "2632"]
[BlackElo "2648"]
[TimeControl "180+2"]
[EndTime "18:37:27 PST"]
[Termination "viditchess won by resignation"]

1. d4 d5 2. c4 dxc4 3. e3 Nf6 4.
Bxc4 e6 5. Nf3 c5 6. b3 cxd4 7. Nxd4 Bd7 8. Bb2 Nc6 9. Nf3 Bb4+ 10. Nbd2 O-O 11. O-O Qe7 12. a3 Bd6 13. b4 Rfd8 14. Rc1 Be8 15. Qe2 a5 16. b5 Na7 17. a4 Nc8 18.
Bb3 Bb4 19. Nc4 Ne4 20. Rfd1 Ncd6 21. Nb6 Rab8 22. Ne5 f6 23. Nd3 Bf7 24. f3 Ng5 25. Nxb4 axb4 26. h4 Nh3+ 27. gxh3 Nf5 28. Qf2 h5 29. e4 Nh6 30. a5 Rxd1+ 31. Rxd1 Qc7 32. Qg2 e5 33. Bxf7+ Nxf7 34. Nd5 Qc5+ 35. Kh1 Kh7 36. Rg1 g5 37. Nxf6+ Kg6 38. Nd7 Qxb5 39. Nxb8 Qxa5 40.
Bc1 Qc7 41. Bxg5 1-0

[Event "*** Titled Tuesday 3|2 Blitz (Late)"]
[Site "Chess.com"]
[Date "2016.12.06"]
[Round "8"]
[White "Peroncio"]
[Black "Scott-fox21"]
[Result "1-0"]
[WhiteElo "2474"]
[BlackElo "2176"]
[TimeControl "180+2"]
[EndTime "18:37:36 PST"]
[Termination "Peroncio won by resignation"]

1. e4 c5 2. Nf3 d6 3. d4 cxd4 4.
Nxd4 Nf6 5. Nc3 Nc6 6. Bg5 e6 7. Qd2 a6 8. O-O-O Bd7 9. f4 h6 10. Bh4 g5 11. fxg5 Ng4 12. Nf3 Be7 13. Bg3 Nge5 14.
gxh6 Nxf3 15. gxf3 e5 16. Kb1 Nd4 17. Nd5 Bg5 18. f4 Bxh6 19. Qf2 Bg4 20. Rd3 Qa5 21. fxe5 dxe5 22. Nf6+ Ke7 23. Nxg4 f5 24. Nxe5 Nxc2 25. Rd7+ Ke8 26. Qxc2 Rc8 1-0

[Event "*** Titled Tuesday 3|2 Blitz (Late)"]
[Site "Chess.com"]
[Date "2016.12.06"]
[Round "8"]
[White "Larax"]
[Black "FearlessKing64"]
[Result "0-1"]
[WhiteElo "1892"]
[BlackElo "2010"]
[TimeControl "180+2"]
[EndTime "18:37:48 PST"]
[Termination "FearlessKing64 won by checkmate"]

1. e4 c5 2. Nf3 d6 3. d4 cxd4 4.
Nxd4 Nf6 5. Nc3 a6 6. f3 e5 7.
Nb3 Be6 8. Be3 Be7 9. Qd2 Nbd7 10.
O-O-O O-O 11. g4 b5 12. g5 b4 13. Ne2 Ne8 14. f4 a5 15. f5 Bxb3 16. cxb3 a4 17. bxa4 Rxa4 18. b3 Ra5 19. Kb1 Qa8 20. Ng3 d5 21.
exd5 Bc5 22. Bxc5 Nxc5 23. Qc2 Nd6 24. f6 Rc8 25. Bh3 Nce4 26. Qxe4 Nxe4 27. Nxe4 Rxa2 28. Bxc8 Qa3 29. Rd2 Qxb3+ 30. Kc1 Ra1# 0-1

[Event "*** Titled Tuesday 3|2 Blitz (Late)"]
[Site "Chess.com"]
[Date "2016.12.06"]
[Round "8"]
[White "Kawhi_Leonard2"]
[Black "Rating-Schmating"]
[Result "1-0"]
[WhiteElo "2237"]
[BlackElo "2225"]
[TimeControl "180+2"]
[EndTime "18:38:22 PST"]
[Termination "Kawhi_Leonard2 won by checkmate"]

1. e4 e6 2. d4 d5 3. Nd2 a6 4.
Ngf3 Nf6 5. Bd3 c5 6. c3 Nc6 7. O-O Be7 8. e5 Nd7 9. Re1 g5 10. dxc5 g4 11. Nd4 Ncxe5 12. Be2 h5 13. b4 Bf6 14. f4 Nc6 15. N2b3 Nxd4 16. Nxd4 Bxd4+ 17. Qxd4 Qf6 18. Be3 Qxd4 19. Bxd4 Rg8 20. Bd3 Ke7 21. Re2 f6 22. Rae1 Nf8 23. a4 Bd7 24. Ra1 Kf7 25. Rea2 Ng6 26. g3 Ne7 27. b5 axb5 28. axb5 Rxa2 29. Rxa2 Rc8 30. Ra7 e5 31. fxe5 fxe5 32. Bxe5 Rxc5 33. Rxb7 Ke6 34. Bd4 Rc8 35. Rb6+ Kf7 36.
Rh6 Rb8 37. b6 Nc6 38. Bg6+ Ke7 39. Bc5+ Kf6 40. Be8+ Kg5 41. Bxd7 Ne5 42. Be3# 1-0

[Event "*** Titled Tuesday 3|2 Blitz (Late)"]
[Site "Chess.com"]
[Date "2016.12.06"]
[Round "8"]
[White "chessking2151"]
[Black "Wilsonpalencia"]
[Result "0-1"]
[WhiteElo "2391"]
[BlackElo "2474"]
[TimeControl "180+2"]
[EndTime "18:38:49 PST"]
[Termination "Wilsonpalencia won by resignation"]

1. e4 c5 2. Nf3 d6 3. d4 cxd4 4.
Nxd4 Nf6 5. Nc3 g6 6. Be3 Bg7 7. f3 O-O 8. Bc4 Nc6 9. Qd2 Ne5 10. Bb3 Bd7 11. O-O Rc8 12. Qe2 a6 13. a4 Re8 14.
Nd5 Nxd5 15. Bxd5 Qc7 16. Ra3 e6 17. Rc3 Nc6 18. Bxc6 bxc6 19. Rc4 Rb8 20. b3 e5 21. Nxc6 Bxc6 22. Qd2 Bf8 23. Rd1 Rec8 24. Qc3 Qb7 25. h4 f5 26. Qd3 f4 27. Bf2 Bd7 28. h5 gxh5 29. Be1 Kh8 30. Bc3 Be6 31. Rxc8 Rxc8 32.
Bb2 Qb6+ 33. Kf1 h4 34. a5 Qa7 35. Ba3 h3 36. Bxd6 h2 37. Bxe5+ Kg8 38. Ke2 Rxc2+ 39.
Rd2 Rxd2+ 40. Kxd2 h1=Q 0-1

[Event "*** Titled Tuesday 3|2 Blitz (Late)"]
[Site "Chess.com"]
[Date "2016.12.06"]
[Round "8"]
[White "nonsopolo1"]
[Black "SPEEDSKATER"]
[Result "1-0"]
[WhiteElo "2190"]
[BlackElo "2310"]
[TimeControl "180+2"]
[EndTime "18:39:00 PST"]
[Termination "nonsopolo1 won on time"]

1. e4 e6 2. d4 d5 3. Nd2 c5 4. dxc5 Nf6 5. exd5 Qxd5 6. Ngf3 Qxc5 7.
Bd3 Qc7 8. O-O Bd7 9. Re1 Bc6 10.
Ne5 Bd6 11. Ndc4 Be7 12. Bf4 Qc8 13. Ng4 Nbd7 14. Nd6+ Bxd6 15. Bxd6 h5 16. Ne3 Nf8 17. Ba3 Qd7 18. Nf5 O-O-O 19. Ne7+ Kb8 20. Nxc6+ Qxc6 21. Qe2 N8d7 22. Rad1 Qc7 23. Be7 Rde8 24. Ba3 Nc5 25. Bb5 Rd8 26. h3 a6 27. Bc4 Nce4 28. Bd3 Nc5 29.
Bc4 h4 30. c3 Nce4 31. Bd3 Nc5 32. Bc4 Rd7 33. Qe3 Rhd8 34. Rxd7 Ncxd7 35. Bb3 Nb6 36.
Qg5 Nbd5 37. Qxg7 Rg8 38. Qh6 Qc6 39. f3 Qb6+ 40. Kf1 Ka7 41. c4 1-0

[Event "*** Titled Tuesday 3|2 Blitz (Late)"]
[Site "Chess.com"]
[Date "2016.12.06"]
[Round "8"]
[White "visa"]
[Black "Quiet_Desperation"]
[Result "0-1"]
[WhiteElo "2139"]
[BlackElo "2295"]
[TimeControl "180+2"]
[EndTime "18:39:16 PST"]
[Termination "Quiet_Desperation won by resignation"]

1. e4 Nc6 2. d4 d5 3. e5 f6 4. Bb5 Bd7 5. Nf3 e6 6. O-O f5 7. c4 a6 8. Ba4 dxc4 9. d5 exd5 10. Qxd5 Nge7 11. Qxc4 b5 12. Qe2 bxa4 13. e6 Bc8 14.
Rd1 Nd5 15. Nc3 Nce7 16. Ng5 Qd6 17. Nf7 Qxe6 18. Qxe6 Bxe6 19. Nxh8 Nxc3 20. bxc3 g6 21. Re1 Kd7 22. Bg5 Nc6 23. Rad1+ Bd6 24. Bf4 Rxh8 25. Bxd6 cxd6 26. f3 Bxa2 27. Ra1 Bb3 28. Re3 Re8 29.
Rae1 Rxe3 30. Rxe3 a3 31. Re1 a2 32. Kf2 Ne5 33. Ke3 Kc6 34. Kd4 Kb5 35. f4 Nc6+ 36.
Kd3 Ka4 37. c4 Ka3 38. Kc3 Na5 39. Ra1 Nxc4 40. g3 Ne3 41. Rg1 Nd1+ 42. Kd4 a1=Q+ 0-1

[Event "*** Titled Tuesday 3|2 Blitz (Late)"]
[Site "Chess.com"]
[Date "2016.12.06"]
[Round "8"]
[White "jcibarra"]
[Black "Zlatan56"]
[Result "0-1"]
[WhiteElo "2618"]
[BlackElo "2658"]
[TimeControl "180+2"]
[EndTime "18:39:18 PST"]
[Termination "Zlatan56 won by resignation"]

1. e4 g6 2. d4 Bg7 3. h4 c5 4. d5 h6 5. h5 g5 6. f4 gxf4 7. Nc3 d6 8. Bxf4 Qb6 9. Bb5+ Bd7 10. a4 a6 11. Qg4 Kf8 12. Bxd7 Qxb2 13. Rd1 Bxc3+ 14. Kf1 Nf6 15. Bxh6+ Rxh6 16. Qg5 Rh8 17. h6 Nfxd7 18. Ne2 Bf6 19. Qg4 Qe5 20. Rh5 Qb2 21. Rh3 b5 22. c3 Ke8 23. h7 Kd8 24. Rf3 Kc7 25. Qh5 Ne5 26. Rg3 Nbd7 27. Nf4 bxa4 28. Re3 Rab8 29. Ree1 a3 30. Ra1 a2 31. Qd1 Rxh7 32. Kg1 Rbh8 33. Nh3 Rxh3 34. gxh3 Rg8+ 0-1

[Event "*** Titled Tuesday 3|2 Blitz (Late)"]
[Site "Chess.com"]
[Date "2016.12.06"]
[Round "8"]
[White "MattyDPerrine"]
[Black "amurdercastle"]
[Result "1-0"]
[WhiteElo "2244"]
[BlackElo "2384"]
[TimeControl "180+2"]
[EndTime "18:39:18 PST"]
[Termination "MattyDPerrine won by checkmate"]

1. d4 d5 2. c4 c6 3. Nc3 Nf6 4. Nf3 e6 5. e3 Nbd7 6. Qc2 Bd6 7. Bd2 O-O 8. g4 h6 9. Rg1 e5 10. O-O-O e4 11. Nh4 Re8 12. h3 Nf8 13. Kb1 Be6 14. cxd5 cxd5 15. Bb5 Re7 16. Qb3 a6 17. Be2 Qd7 18.
f3 b5 19. f4 Qb7 20. g5 hxg5 21. fxg5 Ne8 22. g6 Nxg6 23. Nxg6 fxg6 24. Rxg6 b4 25.
Na4 Bf5 26. Rg5 Be6 27. h4 Nf6 28. h5 Kh7 29. Rdg1 a5 30. Rg6 Bf5 31. R6g5 Be6 32. Be1 Rh8 33. Bh4 Rf7 34. Rg6 Bf5 35. Qd1 Qd7 36.
Bxf6 gxf6 37. Qf1 Bf8 38. Nc5 Bxc5 39. dxc5 Qe6 40. Qf4 Bxg6 41. Rxg6 Rg7 42. Qh6+ Kg8 43. Qxg7# 1-0

[Event "*** Titled Tuesday 3|2 Blitz (Late)"]
[Site "Chess.com"]
[Date "2016.12.06"]
[Round "8"]
[White "capatl"]
[Black "CemilCan"]
[Result "0-1"]
[WhiteElo "2390"]
[BlackElo "2504"]
[TimeControl "180+2"]
[EndTime "18:39:19 PST"]
[Termination "CemilCan won by resignation"]

1. c4 c6 2. Nc3 d5 3. cxd5 cxd5 4.
d4 Nc6 5. Nf3 Nf6 6. Bf4 a6 7.
e3 Bg4 8. h3 Bxf3 9. Qxf3 e6 10. Bd3 Bd6 11. O-O Bxf4 12. Qxf4 O-O 13. a3 Nd7 14.
Rfc1 Rc8 15. b4 b5 16. Ne2 Nb6 17. e4 Nc4 18. e5 f5 19. Bxc4 dxc4 20. Rd1 Ne7 21. Nc3 Nd5 22. Qf3 Nxc3 23. Qxc3 Qd5 24. Rd2 Rfd8 25. Rad1 Rd7 26. f3 Rcd8 27. Kf2 Kf7 28.
Ke3 g5 29. g4 Ke8 30. Kf2 Rf7 31. Qe3 h6 32. Ke2 Kd7 33. Rf1 Rdf8 34. Rf2 Kc8 35. Rd1 Kb7 36. a4 Rc8 37. axb5 axb5 38. Qc3 Ra8 39.
Kf1 fxg4 40. hxg4 h5 41. gxh5 g4 42. f4 Qh1+ 43. Ke2 Ra2+ 44. Rd2 Ra1 45. Ke3 g3 46. Rg2 Qe1+ 47. Kf3 Qf1+ 48. Kxg3 Qxf4+ 49. Kh3 Qf5+ 50. Kh4 Rh1+ 51. Rh2 Qe4+ 52. Kg3 Re1 53. Rdf2 Re3+ 54. Qxe3 Qxe3+ 55. Kg4 Rxf2 0-1

[Event "*** Titled Tuesday 3|2 Blitz (Late)"]
[Site "Chess.com"]
[Date "2016.12.06"]
[Round "8"]
[White "Buffy7"]
[Black "silverback96"]
[Result "1-0"]
[WhiteElo "2471"]
[BlackElo "2009"]
[TimeControl "180+2"]
[EndTime "18:39:20 PST"]
[Termination "Buffy7 won by checkmate"]

1. Nf3 c5 2. g3 Nc6 3. Bg2 e5 4.
O-O g6 5. c4 Bg7 6. Nc3 d6 7.
Ne1 Be6 8. d3 Nge7 9. Nc2 d5 10.
cxd5 Nxd5 11. Ne3 Nde7 12. Ne4 b6 13. Ng5 Bd7 14. a3 O-O 15. Rb1 h6 16. Ne4 a5 17.
b3 Be6 18. Bb2 Rc8 19. Ba1 Nd4 20. Nc4 b5 21. Ncd2 b4 22. Nc4 Rb8 23. Nxc5 Bxc4 24. bxc4 bxa3 25. Rxb8 Qxb8 26. Nd7 Qb4 27. Nxf8 Kxf8 28.
Bxd4 exd4 29. Qb1 Be5 30. Qa1 Ng8 31. Rb1 Qa4 32. c5 Ne7 33. Qa2 Nc6 34. Bxc6 Qxc6 35.
Qxa3 Bc7 36. Rc1 h5 37. Rc4 h4 38. Qa4 Qd5 39. Rxd4 Qxc5 40. Rxh4 Qc1+ 41. Kg2 Bb6 42. Qf4 Qe1 43. Qb8+ Kg7 44. Qh8# 1-0

[Event "*** Titled Tuesday 3|2 Blitz (Late)"]
[Site "Chess.com"]
[Date "2016.12.06"]
[Round "8"]
[White "chesstatour"]
[Black "hypert"]
[Result "1-0"]
[WhiteElo "1900"]
[BlackElo "2243"]
[TimeControl "180+2"]
[EndTime "18:39:21 PST"]
[Termination "chesstatour won by resignation"]

1. c4 e5 2. Nc3 Nf6 3. g3 d5 4.
cxd5 Nxd5 5. Bg2 Nb6 6. Nf3 Nc6 7. O-O Be7 8. e3 O-O 9. d4 exd4 10. exd4 Nb4 11.
Ne5 c6 12. Re1 Bf5 13. Ne4 Bxe4 14. Bxe4 N4d5 15. Qe2 Re8 16. Bxh7+ Kxh7 17. Qh5+ Kg8 18. Qxf7+ Kh7 19. Qg6+ Kg8 20. Qe6+ Kh7 21. Bh6 Bf6 22.
Qf5+ Kg8 23. Bxg7 Rxe5 24. dxe5 Bxg7 25. e6 Qf6 26. Qg4 Re8 27. Re4 Qxb2 28. Rae1 Nf6 29.
Qg6 Nbd5 30. Qf7+ Kh8 31. Rh4+ Nh7 32. Qxe8+ Bf8 33. Rxh7+ Kxh7 34. Qxf8 Qc3 35. Qf7+ Kh8 36. Qh5+ Kg7 37. Qg5+ Kf8 38. e7+ Ke8 39. Qg6+ Kd7 40. e8=Q+ 1-0

[Event "*** Titled Tuesday 3|2 Blitz (Late)"]
[Site "Chess.com"]
[Date "2016.12.06"]
[Round "8"]
[White "GM_Barcenilla"]
[Black "dretch"]
[Result "1-0"]
[WhiteElo "2671"]
[BlackElo "2584"]
[TimeControl "180+2"]
[EndTime "18:39:32 PST"]
[Termination "GM_Barcenilla won on time"]

1. c4 c6 2. b3 d5 3. Bb2 Bg4 4.
g3 Nd7 5. Bg2 Ngf6 6. Nf3 e6 7.
O-O Be7 8. d3 O-O 9. h3 Bh5 10.
g4 Bg6 11. Nh4 Ne8 12. Nxg6 hxg6 13. Nd2 Bf6 14. d4 Nd6 15. c5 Nb5 16. e3 a5 17. f4 g5 18. Nf3 b6 19. a4 Na7 20.
cxb6 Qxb6 21. fxg5 Be7 22. Bc3 Nc8 23. h4 Nd6 24.
Nd2 e5 25. Qf3 e4 26. Qg3 Ne8 27. Rab1 Nc7 28. Qf4 Ne6 29. Qf2 Bd6 30. Nxe4 dxe4 31.
Bxe4 Rae8 32. Bd3 Qc7 33. Qf3 Bb4 34. Bb2 Qd6 35. Rbd1 Nc7 36. e4 Ne6 37. e5 Qc7 38. Rc1 Rc8 39. d5 Qb6+ 40. Kh1 Nd4 41. Qe4 f5 42.
exf6 1-0

[Event "*** Titled Tuesday 3|2 Blitz (Late)"]
[Site "Chess.com"]
[Date "2016.12.06"]
[Round "8"]
[White "SwiftyMcBishop"]
[Black "AllStarShark"]
[Result "1-0"]
[WhiteElo "2125"]
[BlackElo "2308"]
[TimeControl "180+2"]
[EndTime "18:40:10 PST"]
[Termination "SwiftyMcBishop won on time"]

1. e4 e5 2. Nf3 Nc6 3. Bb5 Nf6 4.
O-O Nxe4 5. Re1 Nd6 6. Nxe5 Nxe5 7. Rxe5+ Be7 8. Ba4 O-O 9. d4 Bf6 10. Re1 c6 11. c3 Ne8 12. Bc2 d5 13. Bf4 Be7 14.
Qd3 Nf6 15. Bg5 g6 16. Nd2 Bf5 17. Qe2 Bxc2 18. Qxe7 Qxe7 19. Rxe7 Ne4 20. Nxe4 Bxe4 21. Rxb7 Rab8 22. Rxa7 Rxb2 23. Re1 Rc2 24. f3 Bf5 25. Bh6 Rb8 26. Rae7 Be6 27. h4 Rxa2 28. Kh2 Rc2 29. Rb1 Rc8 30. Rb3 Ra2 31. Rbb7 Raa8 32. Kg3 c5 33. Kf4 cxd4 34. cxd4 Ra4 35. Ke5 Ra2 36. g4 Ra3 37. Rbc7 Rd8 38. Kf4 Rd3 39. Bg5 Ra8 40. Bf6 Kf8 41. h5 Raa3 42. Be5 Rxf3+ 43. Kg5 gxh5 44. gxh5 Rf5+ 45. Kh6 Rh3 46. Bg7+ 1-0

[Event "*** Titled Tuesday 3|2 Blitz (Late)"]
[Site "Chess.com"]
[Date "2016.12.06"]
[Round "8"]
[White "Apocalyps999"]
[Black "spirals5"]
[Result "1-0"]
[WhiteElo "2433"]
[BlackElo "2292"]
[TimeControl "180+2"]
[EndTime "18:40:19 PST"]
[Termination "Apocalyps999 won by resignation"]

1. e4 c5 2. Nf3 d6 3. d4 cxd4 4. Nxd4 Nf6 5. Nc3 a6 6. Bg5 e6 7. f4 Nbd7 8. Qf3 Qc7 9. O-O-O Be7 10. g4 h6 11. Bxf6 Nxf6 12. h4 Bd7 13. g5 Nh7 14. Bh3 O-O-O 15. g6 fxg6 16. Nxe6 Bxe6 17. Bxe6+ Kb8 18.
Nd5 Qa5 19. Nxe7 Rhe8 20. Rd5 Qc7 21. Bf7 Rxe7 22. Bxg6 Nf6 23. Rd3 d5 24. e5 Ne4 25.
Rhd1 Nc5 26. Rd4 Ne6 27. Rxd5 Rxd5 28. Rxd5 Qc4 29. f5 Qf4+ 30. Qxf4 Nxf4 31. Rc5 b6 32. Rc6 Kb7 33. f6 Rd7 34. Rd6 Rxd6 35. exd6 gxf6 36. Be4+ Kc8 37. Bf5+ Kb7 38. Kd2 Kc6 39. d7 Kc7 40. Ke3 Nd5+ 41. Kf3 Ne7 42. Be6 Nc6 43. Kg4 Kd6 44. Bf5 Ke5 45. Bd3 a5 46. Kh5 Nd8 47. Kxh6 Ke6 48. Bb5 f5 49. Kg5 Ke5 50. h5 f4 51. h6 1-0

[Event "*** Titled Tuesday 3|2 Blitz (Late)"]
[Site "Chess.com"]
[Date "2016.12.06"]
[Round "8"]
[White "gmshanmeruga"]
[Black "DanielNaroditsky"]
[Result "1/2-1/2"]
[WhiteElo "2346"]
[BlackElo "2710"]
[TimeControl "180+2"]
[EndTime "18:40:34 PST"]
[Termination "Game drawn by repetition"]

1. e4 e5 2. Nf3 Nc6 3. Bb5 a6 4. Ba4 Nf6 5. O-O Be7 6. Re1 b5 7. Bb3 d6 8. c3 O-O 9. h3 Na5 10.
Bc2 c5 11. d4 Nd7 12. dxe5 dxe5 13. Nbd2 Bb7 14. b3 b4 15. Bb2 Bf6 16. Qe2 bxc3 17.
Bxc3 Nc6 18. Nc4 Nd4 19. Qd3 Qe7 20. Bxd4 cxd4 21. Nxd4 exd4 22. e5 g6 23. exf6 Qxf6 24. Rad1 Rae8 25. Rxe8 Rxe8 26. Qxd4 Re1+ 27. Kh2 Qc6 28. f3 Re2 29. Rd2 Qxf3 30. Rxe2 Qxe2 31. Qd2 Qxd2 32. Nxd2 Kf8 33. Kg3 Ke7 34. Be4 Bxe4 35.
Nxe4 f5 36. Nc3 g5 37. Kf3 Kd6 38. Ke3 Ke5 39. g3 Nf6 40. b4 Nd7 41. h4 gxh4 42. gxh4 Nb6 43. a4 Nc4+ 44. Kd3 Nb2+ 45. Ke3 Nc4+ 46.
Kd3 Nd6 47. b5 axb5 48. Nxb5 Nb7 49. Ke3 Na5 50. Nc3 Nc4+ 51. Kf3 Nd2+ 52. Ke3 Nc4+ 53.
Kf3 f4 54. Ne2 Nd2+ 55. Kf2 Ne4+ 56. Kf3 Nd2+ 57. Kf2 Ne4+ 58. Kf3 Nd2+ 1/2-1/2

[Event "*** Titled Tuesday 3|2 Blitz (Late)"]
[Site "Chess.com"]
[Date "2016.12.06"]
[Round "8"]
[White "wonderfultime"]
[Black "MaestroASK"]
[Result "1-0"]
[WhiteElo "2683"]
[BlackElo "2483"]
[TimeControl "180+2"]
[EndTime "18:40:52 PST"]
[Termination "wonderfultime won by checkmate"]

1. d4 d6 2. e4 g6 3. Nf3 Bg7 4.
Nc3 c6 5. a4 e5 6. Bc4 Qe7 7.
O-O Nf6 8. dxe5 dxe5 9. b3 Be6 10. Ba3 Qd7 11. Qe2 Bxc4 12. Qxc4 Nh5 13. Rad1 Qe6 14. Qxe6+ fxe6 15. Ng5 Nf4 16. g3 h6 17. Nf3 Nh3+ 18. Kg2 Ng5 19. Nxg5 hxg5 20. Bc1 Bf6 21. Rd6 Ke7 22. Rfd1 Kf7 23. R1d3 g4 24. Rd1 Be7 25. R6d3 Na6 26. Be3 b6 27. Rd7 Nc5 28. Bxc5 bxc5 29. Rc7 Rhc8 30. Rdd7 Rxc7 31. Rxc7 Ke8 32. Rxc6 Kd7 33.
Ra6 Bd6 34. Nb5 Bb8 35. Na3 Bc7 36. Nc4 Ke7 37. Rc6 Kd7 38. Rxc5 Rb8 39. Nxe5+ Kd6 40. Nd3 Bb6 41. Rg5 Rc8 42. c4 Bd4 43. Rxg6 Rb8 44. b4 Rc8 45. c5+ Ke7 46. Rxg4 e5 47.
Rg7+ Kf6 48. Rxa7 Rd8 49. Ra6+ Kf7 50. Rd6 Rb8 51. b5 Ke7 52. Rd5 Ke6 53. f4 Ra8 54.
Nxe5 Rxa4 55. c6 Ra2+ 56. Kh3 Bb6 57. f5+ Ke7 58. Rd7+ Kf6 59. Ng4+ Kg5 60. Rg7+ Kh5 61. Nf6+ Kh6 62. Rg6# 1-0

[Event "*** Titled Tuesday 3|2 Blitz (Late)"]
[Site "Chess.com"]
[Date "2016.12.06"]
[Round "8"]
[White "oskariot"]
[Black "Pierrebl"]
[Result "0-1"]
[WhiteElo "2399"]
[BlackElo "2447"]
[TimeControl "180+2"]
[EndTime "18:40:52 PST"]
[Termination "Pierrebl won by resignation"]

1. e4 c5 2. Nf3 Nc6 3. d4 cxd4 4.
Nxd4 Nf6 5. Nc3 e5 6. Ndb5 d6 7. Bg5 a6 8. Na3 b5 9. Bxf6 gxf6 10. Nd5 f5 11. c3 Bg7 12. Bd3 Be6 13. Nxb5 axb5 14.
Bxb5 Bd7 15. exf5 Nb8 16. Bd3 Bc6 17. Be4 Nd7 18. O-O Rc8 19. Qf3 Bxd5 20. Bxd5 Nf6 21.
Rfd1 O-O 22. a4 Re8 23. a5 e4 24. Qe3 Rc5 25. a6 Nxd5 26. Qg3 Qf6 27. a7 Nc7 28. Rxd6 Qxf5 29. Rb6 Ra5 30. Rd1 Rxa7 31. h3 Ne6 32. c4 Qf4 33. Qxf4 Nxf4 34. b4 Ne6 35. c5 Rc7 36. g4 Nxc5 37. bxc5 Rxc5 38.
Kg2 h5 39. Re1 hxg4 40. hxg4 Rce5 41. Re2 Kh7 42. Rb4 Kg6 43. Rb7 f6 44. Kg3 Bh6 45.
Rc2 R8e7 46. Rb6 e3 47. Rcc6 e2 48. Rxf6+ Kg7 49. Rg6+ Kf7 50. Rbf6+ Ke8 51. Rg8+ Kd7 0-1

[Event "*** Titled Tuesday 3|2 Blitz (Late)"]
[Site "Chess.com"]
[Date "2016.12.06"]
[Round "8"]
[White "Hikaru"]
[Black "Genghis_K"]
[Result "1-0"]
[WhiteElo "2898"]
[BlackElo "2684"]
[TimeControl "180+2"]
[EndTime "18:41:04 PST"]
[Termination "Hikaru won by resignation"]

1. d4 Nf6 2. c4 g6 3. Nc3 Bg7 4. e4 d6 5. Nf3 O-O 6. h3 Na6 7. Be3 e5 8. d5 Nc5 9. Nd2 a5 10. g4 c6 11. Be2 a4 12. h4 Qa5 13.
Bxc5 Qxc5 14. g5 Nd7 15. Nxa4 Qa7 16. Nc3 f6 17. Rh2 Nc5 18. b4 Qa3 19. bxc5 Qxc3 20. cxd6 cxd5 21. cxd5 f5 22. Rc1 Qb4 23. Qb3 Qxd6 24.
Nc4 Qc5 25. Qb6 Qd4 26. Qxd4 exd4 27. e5 b5 28. Nb6 Bxe5 29. Nxa8 Bxh2 30. Nb6 Ba6 31.
Nd7 Rd8 32. Nf6+ Kf7 33. a4 Bb7 34. Bxb5 h6 35. Bc4 hxg5 36. hxg5 Kg7 37. Rb1 Ba8 38. Rb6 Bf4 39. d6 Bxg5 40. Nd5 d3 41. Nc7 d2+ 42. Kd1 Bf3+ 43. Be2 Bxe2+ 44. Kxe2 Kf7 45. a5 Rh8 46. Rb1 Rh4 47. a6 Ra4 48. Rh1 Bf4 49. Nb5 Rxa6 50. Rh7+ Ke6 51. Nc7+ Kxd6 52. Nxa6 g5 53.
Nb4 g4 54. Nd3 Bg5 55. Rg7 Bf6 56. Rg6 Ke7 57. Rh6 Kf7 58. Rh5 Ke6 59. Kxd2 Bd4 60. Ke2 Kf6 61. f3 g3 62. Kf1 Kg6 63. Rh3 Kg5 64.
Rxg3+ Kf6 65. Kg2 1-0

[Event "*** Titled Tuesday 3|2 Blitz (Late)"]
[Site "Chess.com"]
[Date "2016.12.06"]
[Round "8"]
[White "Divertissement"]
[Black "KNVB"]
[Result "0-1"]
[WhiteElo "2425"]
[BlackElo "2548"]
[TimeControl "180+2"]
[EndTime "18:42:09 PST"]
[Termination "KNVB won by checkmate"]

1. e4 b6 2. d4 Bb7 3. Nc3 e6 4.
a3 g6 5. Be3 Bg7 6. h3 d6 7. g4 h5 8. gxh5 Rxh5 9. Bg2 Nd7 10.
Nge2 Ngf6 11. Ng3 Rh8 12. Qe2 Nh5 13. O-O-O Qh4 14. Nb5 Nf4 15. Bxf4 Qxf4+ 16. Kb1 Kd8 17. Rd3 Qh4 18. Rf3 Rf8 19. Qc4 Rc8 20. Nxa7 Ra8 21. Nb5 Rc8 22. Rc3 Ba6 23. Qa4 Bxb5 24. Qxb5 Bxd4 25. Rf3 Ne5 26. Rb3 Bxf2 27. Ne2 Qg5 28.
Rd1 Qxg2 29. Qxe5 Ke7 30. Qc3 Bc5 31. Nf4 Qxe4 32. Rf1 Bd4 33. Qb4 Qe5 34. Nd3 Qd5 35. Re1 Bc5 36. Qd2 Kd7 37. Qf4 g5 38. Qg3 Rg8 39.
Rd1 Qf5 40. Ne5+ Ke8 41. Nd3 d5 42. Qg2 Bd6 43. Rf1 Qe4 44. Qf2 Rf8 45. Nc1 Kd7 46.
Re3 Qg6 47. Rf3 f5 48. Nb3 f4 49. Qe2 e5 50. Qb5+ c6 51. Qxb6 e4 52. Rc3 e3 53. Nd4 Be5 54. Rd3 Bxd4 55. Rxd4 Qd6 56.
Qb3 Rfe8 57. Qd3 Re5 58. Re1 Rce8 59. Ra4 Re4 60. Ra7+ Ke6 61. h4 f3 62. Qf1 f2 63.
Re2 g4 64. h5 Qh2 65. Ka2 Qg1 66. Rxf2 exf2 67. Qa6 f1=Q 68. Qxc6+ Ke5 69. Qc7+ Kf5 70. Qf7+ Kg5 71. Qg7+ Kh4 72. b3 Qb1# 0-1

[Event "*** Titled Tuesday 3|2 Blitz (Late)"]
[Site "Chess.com"]
[Date "2016.12.06"]
[Round "9"]
[White "micfel"]
[Black "calemcc"]
[Result "1-0"]
[WhiteElo "2275"]
[BlackElo "2101"]
[TimeControl "180+2"]
[EndTime "18:46:30 PST"]
[Termination "micfel won by resignation"]

1. e4 e6 2. d4 d5 3. Nd2 Nc6 4. c3 e5 5. dxe5 dxe4 6. Bb5 Qd5 7. Qe2 Bd7 8. Nxe4 O-O-O 9. Nf3 Nxe5 10. Bxd7+ Rxd7 11. O-O f5 12. Neg5 Nxf3+ 13. Nxf3 Nf6 14. Be3 Bd6 15. Rfd1 Qe6 16. Qc2 f4 17. Bd4 h5 18.
Re1 Qg4 19. h3 1-0

[Event "*** Titled Tuesday 3|2 Blitz (Late)"]
[Site "Chess.com"]
[Date "2016.12.06"]
[Round "9"]
[White "CemilCan"]
[Black "Bigfish1995"]
[Result "0-1"]
[WhiteElo "2496"]
[BlackElo "2702"]
[TimeControl "180+2"]
[EndTime "18:47:03 PST"]
[Termination "Bigfish1995 won by resignation"]

1. e4 e6 2. d4 d5 3. Nd2 c5 4.
exd5 Qxd5 5. Ngf3 cxd4 6. Bc4 Qd6 7. O-O Nc6 8. Nb3 Qb4 9. Qe2 a6 10. a4 Bd7 11. Nbxd4 Nxd4 12. Nxd4 Rc8 13. b3 Nf6 14.
Ba3 Qb6 15. Bxf8 Kxf8 16. Rad1 g6 17. Qe5 Kg7 18. Nf5+ gxf5 19. Rxd7 Rhd8 20. Rfd1 Rxd7 21. Rxd7 Rxc4 22. Rd3 Re4 23. Rg3+ Kf8 24. Qb8+ Ke7 25. h3 Re1+ 26. Kh2 Nd7 27. Qf4 Qd6 28. Qh4+ Nf6 0-1

[Event "*** Titled Tuesday 3|2 Blitz (Late)"]
[Site "Chess.com"]
[Date "2016.12.06"]
[Round "9"]
[White "DanielNaroditsky"]
[Black "Hikaru"]
[Result "1/2-1/2"]
[WhiteElo "2714"]
[BlackElo "2894"]
[TimeControl "180+2"]
[EndTime "18:47:09 PST"]
[Termination "Game drawn by agreement"]

1. d4 Nf6 2. Bf4 e6 3. e3 Bd6 4. Be5 O-O 5. Nf3 Bxe5 6. dxe5 Ne8 7. Bd3 f6 8. exf6 Qxf6 9. Nc3 d5 10. O-O c5 11. e4 d4 12. e5 Qh6 13. Ne4 Nd7 14.
Neg5 Nxe5 15. Bxh7+ Kh8 16. Nxe5 Qxg5 17. f4 Qh6 18.
Bd3 Kg8 19. Qg4 Nf6 20. Qg5 b6 21. Rf3 Qxg5 22. fxg5 Nd7 23. Rxf8+ Nxf8 24. Rf1 Bb7 25. Rf7 Bd5 1/2-1/2

[Event "*** Titled Tuesday 3|2 Blitz (Late)"]
[Site "Chess.com"]
[Date "2016.12.06"]
[Round "9"]
[White "Rating-Schmating"]
[Black "Larax"]
[Result "0-1"]
[WhiteElo "2211"]
[BlackElo "1906"]
[TimeControl "180+2"]
[EndTime "18:47:09 PST"]
[Termination "Larax won by checkmate"]

1. e4 e5 2. Nf3 Nc6 3. d4 exd4 4. Nxd4 Nf6 5. Nxc6 bxc6 6. e5 Qe7 7. Qe2 Nd5 8. c4 Ba6 9. Nd2 Nb6 10. b3 d5 11.
exd6 cxd6 12. Qxe7+ Bxe7 13. Bb2 O-O 14. Bd3 d5 15. Rc1 Bb4 16. a3 Rfe8+ 17. Kd1 Bxd2 18. Kxd2 dxc4 19. bxc4 Rad8 20. Kc3 Na4+ 21. Kc2 Nxb2 22.
Kxb2 Rxd3 23. Rce1 Red8 24. Re7 Bxc4 25. Rc1 Rd2+ 26. Kc3 Be6 27. Kb4 Rxf2 28. Rxc6 Rxg2 29. Rxa7 Rxh2 30. Rd6 Rb8+ 31. Ka5 Rhb2 32. Ka4 R2b5 33. Rd3 Bb3+ 34. Rxb3 Rxb3 35. Ra5 R3b7 36. Ra6 h5 37. Ra5 g6 38. Rxh5 gxh5 39. Ka5 Ra7# 0-1